 Dungeon Crawl Stone Soup version 0.29.1-13-g9f3cf754e1 (webtiles) character file.

Game seed: 8308062625209049761

19463 javelincjr the Thaumaturge (level 13, -2/72 HPs)
             Began as a Djinni Fire Elementalist on Feb 2, 2023.
             Was a Believer of Hepliaklqana.
             Shot with an arrow by a centaur warrior (5 damage)
             ... on level 13 of the Dungeon.
             The game lasted 00:59:30 (10360 turns).

javelincjr the Thaumaturge (DjFE)                  Turns: 10360, Time: 00:59:30

Health: -2/72      AC: 13    Str:  9    XL:     13   Next: 4%
Gold:   800        EV: 13    Int: 22    God:    Hepliaklqana [**....] SH:  3 Dex: 12

rFire   + + +      SeeInvis +   x - +9 hammer "Spiderslayer" {freeze, rF+ rN+ Str+2 Dex-2}
rCold   x . .      Faith    .   S - +0 buckler
rNeg    + . .      Spirit   .   y - +2 robe {Will+}
rPois   ∞          Reflect  .   j - +2 helmet
rElec   .          Harm     .   w - +0 cloak {rPois}
rCorr   .          Rampage  .   u - +0 pair of gloves
Will    ++...                   (boots unavailable)
Stlth   ++........              n - amulet of regeneration
HPRegen 1.02/turn               e - ring of see invisible
MPRegen 0.00/turn               I - +4 ring of protection

@: flying, invisible
A: reduced essence, sickness immunity, fire resistance 2, cold vulnerability 1,
float, innate caster, HP casting, extra vitality 1, noise suppression
a: Renounce Religion, Recall Ancestor, Ancestor Identity


You were on level 13 of the Dungeon.
You worshipped Hepliaklqana.
Hepliaklqana was pleased with you.
You visited 2 branches of the dungeon, and saw 14 of its levels.
You also visited: Ossuary.

You collected 848 gold pieces.
You spent 48 gold pieces at shops.

Inventory:

Hand Weapons
 k - a +2 long sword of holy wrath
 x - the +9 hammer "Spiderslayer" (weapon) {freeze, rF+ rN+ Str+2 Dex-2}
   (You found it on level 3 of the Dungeon)

   It freezes those it strikes, dealing additional cold damage.
   It can also slow down cold-blooded creatures.
   Str:       It affects your strength (+2).
   Dex:       It affects your dexterity (-2).
   rF:        It protects you from fire.
   rN:        It protects you from negative energy.
 N - the +6 sling of Atuqol {vorpal, rN+ Will- MP+9}
   (You found it on level 10 of the Dungeon)

   Any ammunition fired from it inflicts extra damage upon your enemies.
   rN:        It protects you from negative energy.
   MP:        It affects your magic capacity (+9).
   Will:      It decreases your willpower.
Armour
 j - a +2 helmet (worn)
 u - a +0 pair of gloves (worn)
 w - a +0 cloak of poison resistance (worn)
 y - a +2 robe of willpower (worn)
 S - a +0 buckler (worn)
Jewellery
 c - a ring of willpower
 e - a ring of see invisible (left hand)
 n - an amulet of regeneration (around neck)
 o - the ring of Demeoshruna {Fly SInv}
   (You found it on level 7 of the Dungeon)

   [ring of flight]

   SInv:      It lets you see invisible.
   Fly:       It grants you flight.
 v - an amulet of the acrobat
 z - a +4 ring of evasion
 I - a +4 ring of protection (right hand)
 P - a ring of ice
Wands
 a - a wand of paralysis (16)
 J - a wand of polymorph (6)
 K - a wand of roots (11)
 O - a wand of flame (16)
Scrolls
 d - 2 scrolls of summoning
 h - 7 scrolls of teleportation
 i - 2 scrolls of blinking
 m - 3 scrolls of fear
 q - a scroll of brand weapon
 s - 2 scrolls of vulnerability
 A - a scroll of silence
 E - 2 scrolls of butterflies
 Q - a scroll of enchant weapon
 R - a scroll of magic mapping
Potions
 b - 10 potions of curing
 f - 3 potions of ambrosia
 g - 4 potions of heal wounds
 l - a potion of invisibility
 p - 2 potions of resistance
 r - 4 potions of brilliance
 B - 7 potions of flight
 C - 2 potions of magic {unknown}
 D - a potion of haste {unknown}
 F - 2 potions of berserk rage {unknown}
 G - 3 potions of might {unknown}
 H - 3 potions of attraction {unknown}
 L - a potion of lignification {unknown}
 M - a potion of degeneration {unknown}
 T - a potion of cancellation {unknown}


   Skills:
 + Level 2.8 Fighting
 - Level 1.3 Long Blades
 * Level 7.9 Maces & Flails
 + Level 5.0 Dodging
 + Level 4.1 Stealth
 + Level 13.3 Spellcasting


You had 5 spell levels left.
You knew the following spells:

 Your Spells              Type           Power      Damage    Failure   Level
a - Foxfire               Conj/Fire      100%       2x1d9     1%          1
b - Scorch                Fire           100%       2d10      1%          2
c - Conjure Flame         Conj/Fire      65%        6-21      1%          3
d - Inner Flame           Hex/Fire       65%        N/A       1%          3
e - Flame Wave            Conj/Fire      65%        2d15      1%          4
f - Necrotise             Necr           100%       1d9       1%          1
g - Call Imp              Summ           65%        N/A       1%          2
h - Lesser Beckoning      Tloc           65%        N/A       1%          3
i - Hailstorm             Conj/Ice       65%        3d14      1%          4
j - Manifold Assault      Tloc           65%        N/A       1%          5
k - Lightning Bolt        Conj/Air       32%        1d50      1%          5
Your spell library was empty.

Dungeon Overview and Level Annotations

Branches:
Dungeon (13/15)            Temple (1/1) D:6            Lair (0/5) D:10
    Orc (0/2) D:12        Ossuary (visited)
 Vaults: D:13-14

Altars:
Ashenzari
Cheibriados
Dithmenos
Elyvilon
Fedhas
Gozag
Hepliaklqana
Makhleb
Nemelex Xobeh
Okawaru
Qazlal
Ru
Trog
Uskayaw
Wu Jian
Xom
Yredelemnul
Zin
The Shining One

Shops:
D:13 *

Annotations:
D:13 2 transporters, Kiokkeho's ghost, journeyman TrMo


Innate Abilities, Weirdness & Mutations

Your life essence is reduced to manifest your ancestor. (-10% HP)
You are immune to sickness and miasma.
You are immune to poison.
Your flesh is very heat resistant. (rF++)
You are vulnerable to cold. (rC-)
You float through the air rather than walking.
You learn spells naturally, not from books.
Your magical power is your life essence.
You have superior vitality. (+4 MHP)
You passively dampen the noise of your surroundings.


Message History

The flame wave engulfs the centaur warrior!
The centaur warrior is heavily wounded.
The flame wave engulfs the centaur!
The centaur is heavily wounded.
You feel a bit more experienced.
The centaur wields a +0 shortbow.
The centaur shoots an arrow.
The arrow misses you.
A wave of flame ripples out!
The flame wave engulfs the centaur warrior!!
The centaur warrior is almost dead.
The flame wave engulfs the centaur!!
You kill the centaur!
You finish channelling waves of flame.
You hear a shout! x2
The centaur warrior wields a +0 shortbow.
The centaur warrior shoots an arrow.
The arrow closely misses you.
An ogre mage comes into view. It is wielding a +0 spear.
The centaur warrior shoots an arrow.
The arrow hits you!!
* * * LOW HITPOINT WARNING * * *
You feel much better.
The centaur warrior shoots an arrow.
The arrow hits you.
* * * LOW HITPOINT WARNING * * *
The ogre mage closely misses you.
The deep elf pyromancer mumbles some strange words.
The deep elf pyromancer blinks!
A kobold brigand comes into view.
It is wielding a +0 dagger and quivering curare-tipped darts.
A centaur comes into view.
Casting: Flame Wave (safe; 1% risk of failure)
Confirm with . or Enter, or press ? or * to list all spells.
Aiming: Lightning Bolt (dangerous; 1% risk of failure)
Press: ? - help, Shift-Dir - straight line, f - centaur warrior
Aim: a centaur warrior, wielding a +0 shortbow (almost dead, 74% to hit)
Okay, then.
Okay, then.
You fade into invisibility!
The centaur warrior shoots an arrow.
The arrow hits you!!
* * * LOW HITPOINT WARNING * * *
The centaur warrior shoots an arrow.
The arrow hits the kobold brigand!
The centaur warrior shoots an arrow.
The arrow hits the kobold brigand!!
The kobold brigand dies!
The centaur warrior shoots an arrow.
The arrow hits you.
You die...

+.....###....#######..
.#..........##......'..
...#.....R..##.######..
....^...##.###.# #..
.######......##.# ##..
.....###.######.# #...
................# #...
######..#############...
#.@# #......... #..#
######.... #..# #
#.........
..##.#O)#.##..######....
#O.)))c).K.# ######.###
###°#..#.#####.........
.....c.... ...........
........................
####.#..#.#####.........


You could see a centaur warrior (unable to see you), an ogre mage and a centaur
(unable to see you).

Vanquished Creatures
  A fire dragon (D:10)
  A hydra (D:12)
  A boulder beetle (D:11)
  4 two-headed ogres
  The ghost of Dvallin the Covert, a novice KoDe of Okawaru (D:8)
  2 deep elf pyromancers
  A cyclops (D:11)
  A manticore (D:10)
  2 gargoyles
  A komodo dragon (D:12)
  Maggie (D:6)
  A kobold demonologist (D:13)
  An unseen horror (D:13)
  2 unseen horror zombies (D:8)
  2 trolls (D:11)
  An unseen horror skeleton (D:8)
  Grinder (D:6)
  2 hornets
  5 slime creatures (D:13)
  2 wraiths
  4 wyverns
  6 yaks (D:10)
  2 vampires
  6 vampire mosquitoes
  Eustachio (D:6)
  A steam dragon (D:9)
  3 orc warriors
  A black bear (D:7)
  3 ogres
  4 centaurs
  A phantom (D:5)
  4 kobold brigands
  Blork the orc (D:5)
  3 bullfrogs
  3 scorpions
  11 wights
  6 killer bees (D:9)
  A spectral centaur (D:8)
  9 howler monkeys
  7 hounds
  3 gnoll boudas
  2 orc priests
  Crazy Yiuf (D:3)
  7 iguanas
  7 orc wizards
  A centaur simulacrum (D:8)
  9 mummies
  4 adders
  14 gnolls
  A white imp (D:8)
  An ufetubus (D:6)
  2 worms (D:2)
  3 dart slugs
  21 orcs
  5 endoplasms
  A giant cockroach (D:2)
  2 gnoll zombies (Ossuary)
  7 goblins
  2 hobgoblins (D:2)
  5 jackals (D:3)
  7 kobolds
  5 quokkas
  7 ball pythons
  6 bats
  A frilled lizard (D:2)
  4 kobold zombies (Ossuary)
  2 orc zombies (Ossuary)
  7 rats
247 creatures vanquished.

Vanquished Creatures (collateral kills)
  A two-headed ogre (D:13)
  2 ugly things (D:13)
  A slime creature (D:13)
  A shadow (D:12)
  An adder (D:6)
6 creatures vanquished.

Vanquished Creatures (others)
  A kobold brigand (D:13)
  A knight (D:13)
  An ancestor (D:11)
  622 foxfires
625 creatures vanquished.

Grand Total: 878 creatures vanquished

Notes
Turn   | Place    | Note
-------+----------+-------------------------------------------
     0 | D:1      | javelincjr the Djinni Fire Elementalist began the quest for
                  | the Orb.
     0 | D:1      | javelincjr set off with the following spells memorised:
                  | Foxfire, Scorch, Conjure Flame, Inner Flame, Flame Wave.
     0 | D:1      | Reached XP level 1. HP: 15/15 MP: 0/0
   399 | D:1      | Reached XP level 2. HP: 13/21 MP: 0/0
   996 | D:2      | Reached skill level 3 in Spellcasting
   996 | D:2      | Reached XP level 3. HP: 13/25 MP: 0/0
   996 | D:2      | Learned a level 1 spell: Necrotise
  1773 | D:2      | Reached XP level 4. HP: 30/31 MP: 0/0
  1798 | D:2      | Found a faded altar of an unknown god.
  2339 | D:3      | Reached skill level 1 in Long Blades
  2536 | D:3      | Found a runed translucent door.
  2537 | D:3      | Noticed Crazy Yiuf
  2542 | D:3      | Killed Crazy Yiuf
  2543 | D:3      | Reached XP level 5. HP: 32/36 MP: 0/0
  2543 | D:3      | Learned a level 2 spell: Call Imp
  2548 | D:3      | Identified the +9 hammer "Spiderslayer" {freeze, rF+ rN+
                  | Str+2 Dex-2}
  2642 | D:4      | Reached skill level 1 in Maces & Flails
  2646 | D:4      | Reached XP level 6. HP: 41/41 MP: 0/0
  2690 | D:4      | Reached skill level 1 in Fighting
  2690 | D:4      | Reached skill level 4 in Spellcasting
  2791 | D:4      | Found a sand-covered staircase.
  2802 | Ossuary  | Entered an ossuary
  3203 | D:4      | Reached XP level 7. HP: 47/47 MP: 0/0
  3203 | D:4      | Learned a level 3 spell: Lesser Beckoning
  3333 | D:5      | Entered Level 5 of the Dungeon
  3435 | D:5      | Noticed Blork the orc
  3452 | D:5      | Killed Blork the orc
  3453 | D:5      | Reached skill level 5 in Spellcasting
  3618 | D:5      | Reached XP level 8. HP: 52/52 MP: 0/0
  3877 | D:6      | Found a stormy altar of Qazlal.
  4041 | D:6      | Noticed Grinder
  4047 | D:6      | Killed Grinder
  4048 | D:6      | Reached skill level 6 in Spellcasting
  4082 | D:6      | Noticed Maggie
  4087 | D:6      | Killed Maggie
  4091 | D:6      | Reached XP level 9. HP: 43/58 MP: 0/0
  4091 | D:6      | Learned a level 4 spell: Hailstorm
  4266 | D:6      | Reached skill level 7 in Spellcasting
  4375 | D:6      | Found a staircase to the Ecumenical Temple.
  4381 | Temple   | Entered the Ecumenical Temple
  4597 | Temple   | Gained mutation: You occasionally lose the ability to read
                  | scrolls when taking damage. [potion of mutation]
  4598 | Temple   | Lost mutation: You occasionally lose the ability to read
                  | scrolls when taking damage. [potion of mutation]
  4598 | Temple   | Gained mutation: You passively dampen the noise of your
                  | surroundings. [potion of mutation]
  4631 | D:6      | Noticed Eustachio
  4635 | D:6      | Killed Eustachio
  4825 | D:6      | Found a burning altar of Makhleb.
  4825 | D:6      | Found a white marble altar of Elyvilon.
  5350 | D:7      | Identified the ring of Demeoshruna {Fly SInv}
  5916 | D:8      | Found a sacrificial altar of Ru.
  5920 | D:8      | Reached skill level 8 in Spellcasting
  6068 | D:8      | Found a runed translucent gate.
  6069 | D:8      | Found a runed translucent gate.
  6070 | D:8      | Found a runed translucent gate.
  6072 | D:8      | Noticed Dvallin's ghost (novice KoDe)
  6130 | D:8      | Reached XP level 10. HP: 65/65 MP: 0/0
  6246 | D:8      | Reached skill level 5 in Maces & Flails
  6257 | D:8      | Reached skill level 9 in Spellcasting
  6765 | D:8      | Killed Dvallin's ghost
  7134 | D:9      | Reached skill level 10 in Spellcasting
  7459 | D:9      | Reached XP level 11. HP: 66/70 MP: 0/0
  7459 | D:9      | Learned a level 5 spell: Manifold Assault
  7478 | D:9      | Found a glowing silver altar of Zin.
  7791 | D:10     | Entered Level 10 of the Dungeon
  7871 | D:10     | Found a hazy altar of Hepliaklqana.
  7871 | D:10     | Found a glowing golden altar of the Shining One.
  7874 | D:10     | Became a worshipper of Hepliaklqana the Forgotten
  7996 | D:10     | Found a basalt altar of Yredelemnul.
  8153 | D:10     | Noticed a manticore
  8159 | D:10     | Killed a manticore
  8226 | D:10     | Noticed a fire dragon
  8227 | D:10     | Found a staircase to the Lair.
  8229 | D:10     | Identified the +6 sling of Atuqol {vorpal, rN+ Will- MP+9}
  8245 | D:10     | Killed a fire dragon
  8246 | D:10     | Reached skill level 11 in Spellcasting
  8574 | D:11     | Noticed a two-headed ogre
  8579 | D:11     | Killed a two-headed ogre
  8633 | D:11     | Reached * piety under Hepliaklqana
  8723 | D:11     | Noticed a deep elf pyromancer
  8726 | D:11     | Killed a deep elf pyromancer
  8908 | D:11     | Noticed a cyclops
  8915 | D:11     | Killed a cyclops
  8916 | D:11     | Reached XP level 12. HP: 67/68 MP: 0/0
  8941 | D:11     | Noticed a boulder beetle
  9222 | D:11     | Killed a boulder beetle
  9382 | D:12     | Found a staircase to the Orcish Mines.
  9416 | D:12     | Reached ** piety under Hepliaklqana
  9417 | D:12     | Remembered your ancestor Nindada as a knight
  9464 | D:12     | Noticed a two-headed ogre
  9469 | D:12     | Killed a two-headed ogre
  9470 | D:12     | Reached skill level 12 in Spellcasting
  9551 | D:12     | Noticed a four-headed hydra
  9559 | D:12     | Killed a four-headed hydra
  9999 | D:13     | Found Tythroy's General Store.
 10012 | D:13     | Reached skill level 5 in Dodging
 10036 | D:13     | Bought a scroll of identify for 24 gold pieces
 10036 | D:13     | Bought a scroll of identify for 24 gold pieces
 10151 | D:13     | Found a transporter.
 10154 | D:13     | Noticed Kiokkeho's ghost (journeyman TrMo)
 10186 | D:13     | Noticed a two-headed ogre
 10190 | D:13     | Killed a two-headed ogre
 10201 | D:13     | Found a transporter.
 10277 | D:13     | Reached skill level 13 in Spellcasting
 10346 | D:13     | Noticed a two-headed ogre
 10349 | D:13     | Noticed a two-headed ogre
 10352 | D:13     | Killed a two-headed ogre
 10352 | D:13     | Noticed a centaur warrior
 10352 | D:13     | Killed a two-headed ogre
 10353 | D:13     | Reached XP level 13. HP: 64/72 MP: 0/0
 10353 | D:13     | Learned a level 5 spell: Lightning Bolt
 10356 | D:13     | Noticed an ogre mage
 10358 | D:13     | HP: 1/72 [centaur warrior/arrow (20)]
 10360 | D:13     | Shot with an arrow by a centaur warrior

Illustrated notes

Levels and vault maps discovered:
D:1:      dpeg_arrival_connections, layout_rooms
D:2:      layout_loops_ring, shapermc_ecumenical_altar_pompeii
D:3:      layout_loops_ring, kennysheep_generic_room_6, uniq_crazy_yiuf_cottage
D:4:      layout_cave_pools, gup_ossuary_entry_pyramid
D:5:      layout_rooms, kennysheep_doodads, feat_on_display, uniq_blork_the_orc
D:6:      layout_gridville, mainiacjoe_overflow_tiny_flanked,
          gammafunk_temple_overflow_wave, temple_fountains, uniq_maggie,
          uniq_grinder, uniq_eustachio
D:7:      layout_cave_pods, minmay_fractal_squares_gapless_5
D:8:      layout_cave_pools, nicolae_ru_great_annihilating_truth,
          gammafunk_ghost_necromancy
D:9:      layout_basic, zin_academy
D:10:     layout_small_grid, lemuel_tele_altar,
          gammafunk_temple_overflow_elements, minmay_lair_entry_lava
D:11:     layout_irregular_city
D:12:     layout_loops_ring, orc_0_dummy
D:13:     layout_basic, hangedman_vaults_entry_quadrant_bands, serial_shops,
          shop, gammafunk_ghost_hive
Temple:   zaba_magenta_temple

Skill      XL: |  1  2  3  4  5  6  7  8  9 10 11 12 |
---------------+-------------------------------------+-----
Spellcasting   | 3 4 5 6 8 10 11 13 | 13.3
Long Blades    | 1 |  1.3
Stealth        | 2 3 4 |  4.1
Maces & Flails | 1 2 3 4 5 7 |  7.9
Fighting       | 1 2 |  2.8
Dodging        | 3 4 5 |  5.0

Action                   |  1- 3 |  4- 6 |  7- 9 | 10-12 | 13-15 || total
-------------------------+-------+-------+-------+-------+-------++-------
Melee: Long sword        |    44 |     5 |       |       |       ||    49
       Mace              |       |    14 |    16 |    27 |       ||    57
       Punch             |       |     1 |       |     1 |       ||     2
 Cast: Foxfire           |    60 |    88 |    74 |   144 |       ||   366
       Scorch            |       |    12 |    50 |    81 |       ||   143
       Inner Flame       |       |       |    22 |    81 |       ||   103
       Lesser Beckoning  |       |       |     1 |       |       ||     1
       Call Imp          |       |       |     5 |     1 |       ||     6
       Hailstorm         |       |       |     3 |     1 |     1 ||     5
       Manifold Assault  |       |       |       |    11 |       ||    11
       Flame Wave        |       |       |       |     1 |     1 ||     2
       Necrotise         |       |       |       |     1 |       ||     1
Invok: Ancestor Life: Kn |       |       |       |     1 |       ||     1
  Use: Scroll            |       |     6 |     4 |    11 |       ||    21
       Potion            |       |       |     2 |       |     2 ||     4
 Stab: Sleeping          |     2 |     1 |       |       |       ||     3
Armor: Robe              |    14 |     1 |    10 |    48 |     2 ||    75
Dodge: Dodged            |    45 |    18 |    27 |    54 |     4 ||   148
